TOP OF THE 1ST |
Alabama Crimson Tide batting - Pitching for North Carolina Tar Heels : LHP Carlos Mortínez
|
Pitching: LHP Carlos Mortínez
|
|
Batting: LHB Tom York
|
0-0: Called Strike 0-1: Swinging Strike 0-2: Strikes out looking
|
Batting: RHB Oscar Trent
|
0-0: Fly out, F9 (Flyball, 89D)
|
Batting: RHB Shannon Watson
|
0-0: Foul Ball, location: 2F 0-1: Swinging Strike 0-2: Ball 1-2: Ground out 6-3 (Groundball, 6S)
|
Top of the 1st over - 0 runs, 0 hits, 0 errors, 0 left on base; Alabama 0 - North Carolina 0 |
BOTTOM OF THE 1ST |
North Carolina Tar Heels batting - Pitching for Alabama Crimson Tide : RHP Mike Foreman
|
Pitching: RHP Mike Foreman
|
|
Batting: LHB Alfonso Sánchez
|
0-0: Foul Ball, location: 2F 0-1: Foul Ball, location: 2F 0-2: Ball 1-2: Foul Ball, location: 2F 1-2: Hit by Pitch
|
Batting: RHB Scotty Sherman
|
0-0: Called Strike 0-1: Called Strike 0-2: Ball 1-2: SINGLE (Groundball, 6D) Alfonso Sánchez to second
|
Batting: RHB Shane Hunter
|
0-0: Swinging Strike 0-1: Foul Ball, location: 2F 0-2: Ball 1-2: Fly out, F8 (Flyball, 89D) Runner from 2nd tags up, SAFE at 3rd, no throw
|
Batting: LHB Tim Black
|
0-0: SINGLE (Groundball, 6) (infield hit) Alfonso Sánchez scores Scotty Sherman to second
|
Batting: RHB Doug Bruce
|
0-0: Ball 1-0: Ball 2-0: Fly out, F7 (Line Drive, 7)
|
Batting: SHB Justin Boyle
|
0-0: Ball 1-0: Fielders Choice at 2nd, 6-4 (Groundball, 6)
|
Bottom of the 1st over - 1 run, 2 hits, 0 errors, 2 left on base; Alabama 0 - North Carolina 1 |
TOP OF THE 2ND |
Alabama Crimson Tide batting - Pitching for North Carolina Tar Heels : LHP Carlos Mortínez
|
Batting: RHB Len Valadez
|
0-0: Called Strike 0-1: SINGLE (Line Drive, 4M)
|
Batting: RHB Rafael Vargo
|
0-0: Ball 1-0: Ball 2-0: Ball 3-0: Called Strike 3-1: Foul Ball, location: 2F 3-2: Base on Balls Len Valadez to second
|
Batting: RHB Mike Irvin
|
0-0: Ball 1-0: Fly out, F7 (Flyball, 7S)
|
Batting: RHB Chris Bass
|
0-0: Swinging Strike 0-1: Foul Ball, location: 2F 0-2: Foul Ball, location: 2F 0-2: Ball 1-2: Strikes out swinging
|
Batting: RHB Paco Molina
|
0-0: Foul Ball, location: 2F 0-1: Swinging Strike 0-2: Ball 1-2: Strikes out swinging
|
Top of the 2nd over - 0 runs, 1 hit, 0 errors, 2 left on base; Alabama 0 - North Carolina 1 |
BOTTOM OF THE 2ND |
North Carolina Tar Heels batting - Pitching for Alabama Crimson Tide : RHP Mike Foreman
|
Batting: RHB Howard Brown
|
0-0: Ball 1-0: Ground out 2-3 (Groundball, 2L)
|
Batting: LHB Emory Bernal
|
0-0: Ball 1-0: Ball 2-0: Ball 3-0: Base on Balls
|
Batting: LHB Quinn Wolfe
|
0-0: Foul Ball, location: 2F 0-1: Foul Ball, location: 2F 0-2: Strikes out looking
|
Batting: LHB Alfonso Sánchez
|
0-0: Ball 1-0: Ball 2-0: Foul Ball, location: 2F 2-1: Ball 3-1: Foul Ball, location: 2F 3-2: Foul Ball, location: 2F 3-2: Base on Balls Emory Bernal to second
|
Batting: RHB Scotty Sherman
|
0-0: Called Strike 0-1: Called Strike 0-2: Strikes out looking
|
Bottom of the 2nd over - 0 runs, 0 hits, 0 errors, 2 left on base; Alabama 0 - North Carolina 1 |
TOP OF THE 3RD |
Alabama Crimson Tide batting - Pitching for North Carolina Tar Heels : LHP Carlos Mortínez
|
Batting: RHB Bill Miller
|
0-0: Called Strike 0-1: Foul Ball, location: 2F 0-2: Ball 1-2: Strikes out swinging
|
Batting: LHB Tom York
|
0-0: SINGLE (Line Drive, 4MD)
|
Batting: RHB Oscar Trent
|
0-0: Ball 1-0: Ball 2-0: Ball 3-0: Called Strike 3-1: Base on Balls Tom York to second
|
Batting: RHB Shannon Watson
|
0-0: Ball 1-0: Fly out, F8 (Flyball, 89S)
|
Batting: RHB Len Valadez
|
0-0: Ball 1-0: Ball 2-0: Called Strike 2-1: Swinging Strike 2-2: Foul Ball, location: 2F 2-2: Foul Ball, location: 2F 2-2: Ball 3-2: Fly out, F4 (Line Drive, 4M)
|
Top of the 3rd over - 0 runs, 1 hit, 0 errors, 2 left on base; Alabama 0 - North Carolina 1 |
BOTTOM OF THE 3RD |
North Carolina Tar Heels batting - Pitching for Alabama Crimson Tide : RHP Mike Foreman
|
Batting: RHB Shane Hunter
|
0-0: Called Strike 0-1: Ground out 1-3 (Groundball, 13)
|
Batting: LHB Tim Black
|
0-0: Ball 1-0: Foul Ball, location: 2F 1-1: Foul Ball, location: 2F 1-2: Foul Ball, location: 2F 1-2: Foul Ball, location: 2F 1-2: Foul Ball, location: 2F 1-2: Strikes out swinging
|
Batting: RHB Doug Bruce
|
0-0: Fly out, F9 (Flyball, 89M)
|
Bottom of the 3rd over - 0 runs, 0 hits, 0 errors, 0 left on base; Alabama 0 - North Carolina 1 |
TOP OF THE 4TH |
Alabama Crimson Tide batting - Pitching for North Carolina Tar Heels : LHP Carlos Mortínez
|
Batting: RHB Rafael Vargo
|
0-0: Ground out 6-3 (Groundball, 6)
|
Batting: RHB Mike Irvin
|
0-0: Called Strike 0-1: Ball 1-1: Called Strike 1-2: Ball 2-2: Ball 3-2: SINGLE (Line Drive, 56D)
|
Batting: RHB Chris Bass
|
0-0: Swinging Strike 0-1: Called Strike 0-2: Fielders Choice at 2nd, 1-6 (Groundball, P)
|
Batting: RHB Paco Molina
|
0-0: Ball 1-0: Ball 2-0: Ball 3-0: Base on Balls Chris Bass to second
|
Batting: RHB Bill Miller
|
0-0: Foul Ball, location: 2F 0-1: Fly out, F8 (Flyball, 8RD)
|
Top of the 4th over - 0 runs, 1 hit, 0 errors, 2 left on base; Alabama 0 - North Carolina 1 |
BOTTOM OF THE 4TH |
North Carolina Tar Heels batting - Pitching for Alabama Crimson Tide : RHP Mike Foreman
|
Batting: SHB Justin Boyle
|
0-0: Called Strike 0-1: Ball 1-1: Foul Ball, location: 2F 1-2: Ground out 5-3 (Groundball, 56)
|
Batting: RHB Howard Brown
|
0-0: Ball 1-0: Foul Ball, location: 2F 1-1: SINGLE (Flyball, 78S)
|
Batting: LHB Emory Bernal
|
0-0: Ball 1-0: Swinging Strike 1-1: Ball 2-1: Ball 3-1: Fly out, F8 (Flyball, 78D)
|
Batting: LHB Quinn Wolfe
|
0-0: Ball 1-0: DOUBLE (Flyball, 89D) Howard Brown to third Runner from 3rd tries for Home, SAFE, throw made at trailing runner, OUT at third!
|
Bottom of the 4th over - 1 run, 2 hits, 0 errors, 0 left on base; Alabama 0 - North Carolina 2 |
TOP OF THE 5TH |
Alabama Crimson Tide batting - Pitching for North Carolina Tar Heels : LHP Carlos Mortínez
|
Batting: LHB Tom York
|
0-0: Called Strike 0-1: Ball 1-1: Ball 2-1: Ground out 4-3 (Groundball, 4)
|
Batting: RHB Oscar Trent
|
0-0: Ball 1-0: Ground out 5-3 (Groundball, 56S)
|
Batting: RHB Shannon Watson
|
0-0: Called Strike 0-1: Ball 1-1: Called Strike 1-2: Ball 2-2: Foul Ball, location: 2F 2-2: Ball 3-2: Foul Ball, location: 2F 3-2: Base on Balls
|
Batting: RHB Len Valadez
|
0-0: Ball 1-0: Ball 2-0: Foul Ball, location: 2F 2-1: Ball 3-1: Foul Ball, location: 2F 3-2: Base on Balls Shannon Watson to second
|
Pitching: RHP Tom Garner
|
|
Batting: RHB Rafael Vargo
|
0-0: Ball 1-0: Ball 2-0: Called Strike 2-1: Ball 3-1: Base on Balls Shannon Watson to third Len Valadez to second
|
Batting: RHB Mike Irvin
|
0-0: Ball 1-0: Fielders Choice at 2nd, 6-4 (Groundball, 6)
|
Top of the 5th over - 0 runs, 0 hits, 0 errors, 3 left on base; Alabama 0 - North Carolina 2 |
BOTTOM OF THE 5TH |
North Carolina Tar Heels batting - Pitching for Alabama Crimson Tide : RHP Mike Foreman
|
Batting: LHB Alfonso Sánchez
|
0-0: Called Strike 0-1: Ball 1-1: Ball 2-1: Ball 3-1: Base on Balls
|
Batting: RHB Scotty Sherman
|
0-0: Fly out, F8 (Flyball, 8LXD)
|
Batting: RHB Shane Hunter
|
0-0: Ball 1-0: Grounds into double play, 6-4-3 (Groundball, 6)
|
Bottom of the 5th over - 0 runs, 0 hits, 0 errors, 0 left on base; Alabama 0 - North Carolina 2 |
TOP OF THE 6TH |
Alabama Crimson Tide batting - Pitching for North Carolina Tar Heels : RHP Tom Garner
|
Batting: RHB Chris Bass
|
0-0: SINGLE (Line Drive, 78S)
|
Batting: RHB Paco Molina
|
0-0: Ball 1-0: Ball 2-0: Ball 3-0: Base on Balls Chris Bass to second
|
Batting: RHB Bill Miller
|
0-0: Ball 1-0: Swinging Strike 1-1: Foul Ball, location: 2F 1-2: Ball 2-2: Foul Ball, location: 2F 2-2: Strikes out swinging
|
Pitching: RHP Adam Miller
|
|
Batting: LHB Tom York
|
0-0: Called Strike 0-1: Ball 1-1: Called Strike 1-2: Strikes out swinging
|
Batting: RHB Oscar Trent
|
0-0: Fly out, F6 (Flyball, 56D)
|
Top of the 6th over - 0 runs, 1 hit, 0 errors, 2 left on base; Alabama 0 - North Carolina 2 |
BOTTOM OF THE 6TH |
North Carolina Tar Heels batting - Pitching for Alabama Crimson Tide : RHP Mike Foreman
|
Batting: LHB Tim Black
|
0-0: SINGLE (Groundball, 34S) (infield hit)
|
Batting: RHB Doug Bruce
|
0-0: SINGLE (Groundball, 6MD) Tim Black to second
|
Batting: SHB Justin Boyle
|
0-0: Ground out 5-3 (Groundball, 25) Tim Black to third Doug Bruce to second
|
Batting: RHB Howard Brown
|
0-0: Intentional Walk
|
Batting: LHB Emory Bernal
|
0-0: Ball 1-0: SINGLE (Line Drive, 89M) Tim Black scores Doug Bruce to third Howard Brown to second
|
Batting: LHB Quinn Wolfe
|
0-0: Ball 1-0: Foul Ball, location: 2F 1-1: Foul Ball, location: 2F 1-2: Ball 2-2: Ball 3-2: Base on Balls Doug Bruce scores Howard Brown to third Emory Bernal to second
|
Pitching: RHP Mike Smith
|
|
Batting: LHB Alfonso Sánchez
|
0-0: SINGLE (Line Drive, 6M) Howard Brown scores Emory Bernal to third Quinn Wolfe to second
|
Batting: RHB Scotty Sherman
|
0-0: Foul Ball, location: 2F 0-1: Foul Ball, location: 2F 0-2: Foul Ball, location: 2F 0-2: SINGLE (Groundball, 6M) (infield hit) Emory Bernal scores Quinn Wolfe to third Alfonso Sánchez to second
|
Batting: RHB Shane Hunter
|
0-0: Foul Ball, location: 2F 0-1: Ball 1-1: Called Strike 1-2: DOUBLE (Groundball, 5L) Quinn Wolfe scores Alfonso Sánchez scores Scotty Sherman to third
|
Batting: LHB Tim Black
|
0-0: Ball 1-0: Ground out 6-3 (Groundball, 6) Scotty Sherman scores Shane Hunter to third
|
Batting: RHB Doug Bruce
|
0-0: Called Strike 0-1: Ball 1-1: Ball 2-1: Ball 3-1: Base on Balls
|
Batting: SHB Justin Boyle
|
0-0: Fielders Choice at 2nd, 5-4 (Groundball, 56)
|
Bottom of the 6th over - 7 runs, 6 hits, 0 errors, 2 left on base; Alabama 0 - North Carolina 9 |
TOP OF THE 7TH |
Alabama Crimson Tide batting - Pitching for North Carolina Tar Heels : RHP Adam Miller
|
Batting: RHB Shannon Watson
|
0-0: Ball 1-0: Ball 2-0: Ball 3-0: Called Strike 3-1: Called Strike 3-2: Foul Ball, location: 2F 3-2: Foul Ball, location: 2F 3-2: Base on Balls
|
Batting: RHB Len Valadez
|
0-0: Ball 1-0: Called Strike 1-1: Called Strike 1-2: SINGLE (Groundball, 4D) Shannon Watson to second Runner from 2nd tries for 3rd, SAFE, no throw
|
Batting: RHB Rafael Vargo
|
0-0: Grounds into double play, 4-6-3 (Groundball, 4) Shannon Watson scores
|
Batting: RHB Mike Irvin
|
0-0: Ball 1-0: Ground out 6-3 (Groundball, 6)
|
Top of the 7th over - 1 run, 1 hit, 0 errors, 0 left on base; Alabama 1 - North Carolina 9 |
BOTTOM OF THE 7TH |
North Carolina Tar Heels batting - Pitching for Alabama Crimson Tide : RHP Mike Smith
|
Batting: RHB Howard Brown
|
0-0: Ball 1-0: Fly out, F9 (Flyball, 89M)
|
Batting: LHB Emory Bernal
|
0-0: Ball 1-0: Ball 2-0: Fly out, F7 (Flyball, 78D)
|
Batting: LHB Quinn Wolfe
|
0-0: Foul Ball, location: 2F 0-1: Foul Ball, location: 2F 0-2: Foul Ball, location: 2F 0-2: Ball 1-2: Foul Ball, location: 2F 1-2: Ground out 4-3 (Groundball, 4)
|
Bottom of the 7th over - 0 runs, 0 hits, 0 errors, 0 left on base; Alabama 1 - North Carolina 9 |
TOP OF THE 8TH |
Alabama Crimson Tide batting - Pitching for North Carolina Tar Heels : RHP Adam Miller
|
Now in CF: Stanley Woods
|
|
Batting: RHB Chris Bass
|
0-0: Ball 1-0: Called Strike 1-1: Called Strike 1-2: Strikes out looking
|
Batting: RHB Paco Molina
|
0-0: Ball 1-0: Foul Ball, location: 2F 1-1: Ball 2-1: Swinging Strike 2-2: Foul Ball, location: 2F 2-2: Ball 3-2: Strikes out swinging, 2-3 out at first.
|
Batting: RHB Bill Miller
|
0-0: Ball 1-0: Ball 2-0: Ball 3-0: Called Strike 3-1: Base on Balls
|
Batting: LHB Tom York
|
0-0: Called Strike 0-1: Called Strike 0-2: Foul Ball, location: 2F 0-2: Ball 1-2: Foul Ball, location: 2F 1-2: Ball 2-2: Foul Ball, location: 2F 2-2: Ball 3-2: Strikes out swinging
|
Top of the 8th over - 0 runs, 0 hits, 0 errors, 1 left on base; Alabama 1 - North Carolina 9 |
BOTTOM OF THE 8TH |
North Carolina Tar Heels batting - Pitching for Alabama Crimson Tide : RHP Mike Smith
|
Batting: LHB Alfonso Sánchez
|
0-0: Ball 1-0: Called Strike 1-1: Foul Ball, location: 2F 1-2: SINGLE (Groundball, 4MD)
|
Batting: RHB Scotty Sherman
|
0-0: Ball 1-0: Called Strike 1-1: DOUBLE (Line Drive, 89D) Alfonso Sánchez to third
|
Batting: RHB Shane Hunter
|
0-0: Called Strike 0-1: Ball 1-1: Fly out, F7 (Flyball, 78D) Runner from 3rd tags up, SCORES, no throw
|
Batting: LHB Tim Black
|
0-0: Foul Ball, location: 2F 0-1: Ball Wild Pitch! Scotty Sherman to third 1-1: Ball 2-1: Ball 3-1: Called Strike 3-2: Ground out 6-3 (Groundball, 6) Scotty Sherman scores
|
Batting: RHB Doug Bruce
|
0-0: Swinging Strike 0-1: Swinging Strike 0-2: Ball 1-2: Foul Ball, location: 2F 1-2: Strikes out swinging
|
Bottom of the 8th over - 2 runs, 2 hits, 0 errors, 0 left on base; Alabama 1 - North Carolina 11 |
TOP OF THE 9TH |
Alabama Crimson Tide batting - Pitching for North Carolina Tar Heels : RHP Adam Miller
|
Now at C: James Shane
|
|
Batting: RHB Oscar Trent
|
0-0: Called Strike 0-1: Fly out, F9 (Flyball, 89M)
|
Batting: RHB Shannon Watson
|
0-0: Ball 1-0: Ball 2-0: Swinging Strike 2-1: Foul Ball, location: 2F 2-2: Ball 3-2: Fly out, F8 (Line Drive, 8RS)
|
Batting: RHB Len Valadez
|
0-0: Swinging Strike 0-1: Ball 1-1: Ball 2-1: Ball 3-1: SINGLE (Groundball, 34D)
|
Batting: RHB Rafael Vargo
|
0-0: Swinging Strike 0-1: Ball 1-1: Ball 2-1: Ball 3-1: Fielders Choice at 2nd, 6-4 (Groundball, 6)
|
Top of the 9th over - 0 runs, 1 hit, 0 errors, 1 left on base; Alabama 1 - North Carolina 11 |
|